chilly, lawful male human Archeologist ----- --------- ------ .....| |.......| ## ---------- |....| |....-#######-......>| # |........| |....| |....| # --.------ # |...<....| |.f..| - -+- ### ################# |......{.| |.)B@-# # # |........| -.----# # ## |........-### ##` # -----------.---- |........| # ## # -..............| ----------# # ### --- ------- # |..............| ### ## |.......... % |..............| # ## ....{.......## -----------.---- ### # |.......... # # # -|--|-- ----------- # # ##-......##############*### # |..>(.| # ########## |.....-######## ------- chilly the Field Worker Experience level: 3 Strength: 15 Dexterity: 7 Constitution: 12 Intelligence: 15 Wisdom: 18 Charisma: 11 Health: 0(22) Energy: 16(16) Def: 3 Gold: 850 Moves: 2873 Dungeon seed: epTt97QdL_UWCjOM Game ID: chilly_1528101603 Your Inventory: Coins $ - 850 gold pieces Weapons a - a blessed +2 bullwhip (weapon in hand) M - a +0 dagger (in quiver) Armor n - an uncursed +0 fedora (being worn) r - an uncursed +0 leather armor (being worn) N - an uncursed +0 pair of jumping boots (being worn) Comestibles b - 2 uncursed food rations g - an uncursed carrot i - 2 uncursed slime molds K - 2 uncursed food rations Scrolls L - an uncursed scroll of scare monster Potions h - an uncursed potion of healing J - a blessed potion of invisibility Rings G - an uncursed ring of teleport control Tools c - a +0 pick-axe d - a tinning kit (0:86) f - an uncursed sack E - an uncursed tin whistle Gems e - 3 uncursed rocks q - an uncursed touchstone y - an uncursed luckstone C - an uncursed worthless piece of black glass Y - an uncursed worthless piece of orange glass Contents of the sack: an uncursed scroll of enchant armor an uncursed spellbook of magic missile an uncursed potion of gain level Spells and supernatural/magical abilities: Name Level Category Fail Memory m - magic missile 2 attack 84% 97% W - pray for help -- divine ? -- Y - supernatural jump -- ability ? -- Your skills at the end: Fighting Skills Weapon Skills pick-axe [Basic] whip [Basic] Spellcasting Skills Final Attributes: You were piously aligned. You were stealthy. You could jump. You were fast. You were lucky. You had extra luck. Bad luck did not time out for you. Good luck did not time out for you. You are dead. Vanquished creatures: a wererat a gas spore a hobbit 4 giant rats a yellow mold 2 gnome zombies 2 geckos 5 jackals 3 foxes a goblin 3 sewer rats 3 grid bugs a lichen 3 kobold zombies 10 newts 41 creatures vanquished. Voluntary challenges: You used a wielded weapon 46 times, starting on turn 9. You read items or engraved 3 times, starting on turn 1615. You never genocided any monsters. You never polymorphed an object. You never changed form. You used no wishes. You never split a pudding. You never wrote Elbereth's name. You never violated your personal moral code. Dungeon overview: The Dungeons of Doom: levels 1 to 4 Level 1 a fountain a long staircase Level 2 an altar to Quetzalcoatl, a fountain, a sink Level 3 a general store, a fountain Level 4 <- You were here some fountains a long staircase History has recorded: On T:1 you entered the Dungeons of Doom to retrieve the Amulet of Yendor! On T:30 you reached level 2 of The Dungeons of Doom. On T:1029 you advanced to experience level 2. On T:1077 you reached level 3 of The Dungeons of Doom. On T:1784 you advanced to experience level 3. On T:2287 you reached level 4 of The Dungeons of Doom. Score breakdown: Gold: 850 ( 9966 points) Experience: 3 levels ( 7878 points) Exploration: 4 levels ( 8.89%) ( 7833 points) Discoveries: 23 items ( 7.72%) ( 8334 points) Valuables value: (no points given unless you survive) Artifact value: 0 ( 0 points) Variety of kills: 15 monsters ( 3.94%) ( 5952 points) Turncount: 2873 turns ( -536 points) Survival: died (score multiplied by 80%) Total score: 31541 Latest messages: The wererat changes into a rat. The wererat hits! You hit the wererat. (2x) The wererat bites! You hit the wererat. The wererat turns to flee! You kill the wererat! M - a dagger (in quiver). e - 2 uncursed rocks. There are a few objects here. You kill the gas spore! You displace azog. There are a few objects here. M - a dagger (in quiver). e - an uncursed rock. There are a few objects here. $ - 79 gold pieces. The giant bat bites! (2x) You hit the giant bat. The giant bat bites! (2x) You die... Final status: Goodbye chilly the Archeologist, killed by a giant bat... You died in The Dungeons of Doom on dungeon level 4 with 31541 points, and 850 pieces of gold, after 2873 moves. You were level 3 with a maximum of 22 hit points when you died.